 Dungeon Crawl Stone Soup version 0.25-a0-730-g633e9c3c14 (webtiles) character file.

Game seed: 856615663457849230, levelgen mode: deterministic

19 Lugonue the Stinger (level 2, -1/16 HPs)
             Began as a Tengu Venom Mage on Apr 7, 2020.
             Slain by a hobgoblin
             ... wielding a +0 club
              (4 damage)
             ... on level 1 of the Dungeon.
             The game lasted 00:01:24 (398 turns).

Lugonue the Stinger (Tengu Venom Mage)               Turns: 398, Time: 00:01:25

Health: -1/16      AC:  2    Str:  8    XL:     2   Next: 75%
Magic:  4/6        EV: 13    Int: 15    God:
Gold:   27         SH:  0    Dex: 14    Spells: 4/5 levels left

rFire    . . .     SeeInvis .   (no weapon)
rCold    . . .     Gourm    .   (no shield)
rNeg     . . .     Faith    .   a - +0 robe
rPois    .         Spirit   .   (helmet restricted)
rElec    .         Reflect  .   (no cloak)
rCorr    .         Harm     .   (no gloves)
MR       .....                  (boots unavailable)
Stlth    ++........             (no amulet)
HPRegen  0.05/turn              (no ring)
MPRegen  0.10/turn              (no ring)

@: no status effects
A: beak, talons 3
a: no special abilities


You were on level 1 of the Dungeon.
You were not hungry.

You visited 1 branch of the dungeon, and saw 1 of its levels.

You collected 27 gold pieces.

Inventory:

Armour
 a - a +0 robe (worn)
Scrolls
 e - a scroll of remove curse {unknown}
 g - a scroll of random uselessness {unknown}
Potions
 b - a potion of ambrosia {unknown}
 f - a potion of heal wounds {unknown}
 h - a potion of might {unknown}
Comestibles
 c - 2 rations
 d - 5 chunks of flesh


   Skills:
 + Level 0.4 Fighting
 + Level 2.5 Dodging
 + Level 2.3 Stealth
 + Level 0.1 Unarmed Combat
 + Level 2.0 Spellcasting
 + Level 0.7 Transmutations
 + Level 3.3 Poison Magic


You had 4 spell levels left.
You knew the following spells:

 Your Spells              Type           Power        Failure   Level  Hunger
a - Sting                 Tmut/Pois      #...         10%         1    #......

Your spell library contained the following spells:

 Spells                   Type           Power        Failure   Level  Hunger
 Poisonous Vapours        Pois/Air       #.....       17%         2    ###....
 Ignite Poison            Fire/Tmut/Pois #.......     36%         3    ###....
 Mephitic Cloud           Conj/Pois/Air  #.......     38%         3    ###....
 Olgreb's Toxic Radiance  Pois           ##......     50%         4    #####..


Dungeon Overview and Level Annotations

Branches:
Dungeon (1/15)

Altars:


Innate Abilities, Weirdness & Mutations

You have a beak for a mouth.
You have claws for feet.


Message History

You claw the hobgoblin, but do no damage.
The hobgoblin hits you with a +0 club.
You are too injured to fight recklessly!
Casting: Sting (safe; 10% risk of failure)
Confirm with . or Enter, or press ? or * to list all spells.
Aiming: Sting (safe; 10% risk of failure)
Press: ? - help, Shift-Dir - straight line, f - hobgoblin
Aim: a hobgoblin, wielding a +0 club The sting hits the hobgoblin but does no damage.
The hobgoblin is poisoned.
The hobgoblin hits you with a +0 club.
* * * LOW HITPOINT WARNING * * *
Casting: Sting (safe; 10% risk of failure)
Confirm with . or Enter, or press ? or * to list all spells.
Aiming: Sting (safe; 10% risk of failure)
Press: ? - help, Shift-Dir - straight line, f/p - hobgoblin
Aim: a hobgoblin, wielding a +0 club (moderately wounded, poisoned)
The sting hits the hobgoblin.
The hobgoblin looks even sicker.
The hobgoblin is almost dead.
The hobgoblin hits you with a +0 club.
You die...

.............##.#.# ##.######
#..##..........(..# #)# ...
##.....##......###.######
...##...##.......#...รท......#
....#.#..##......#......>...#
......#..#..................#
....###..#.......####.#######
....#.......#.#.g# #.#
##....#.......##@# #.#
#..##.......# #.# #.#
....##.......###.# #.#
###.#........#...#
#...#........###
.............###
###.##.......# ............#
#..#........##


You could see a hobgoblin.

Vanquished Creatures
  2 dart slugs (D:1)
  5 bats (D:1)
  A giant cockroach (D:1)
  A goblin (D:1)
  A hobgoblin (D:1)
  2 frilled lizards (D:1)
  2 kobolds (D:1)
  A rat (D:1)
15 creatures vanquished.

Notes
Turn   | Place    | Note
-------+----------+-------------------------------------------
     0 | D:1      | Lugonue the Tengu Venom Mage began the quest for the Orb.
     0 | D:1      | Reached XP level 1. HP: 10/10 MP: 4/4
   266 | D:1      | Reached XP level 2. HP: 13/15 MP: 3/6
   398 | D:1      | Slain by a hobgoblin

Levels and vault maps discovered:
D:1:      nzn_arrival_depleted_hourglass, layout_rooms

Action                   || total
-------------------------++-------
Melee: Unarmed           ||    33
       Kick              ||     6
       Peck              ||     4
 Cast: Sting             ||    16
Armor: Robe              ||    18
Dodge: Dodged            ||    51

Table legend:
 A = Non-vault XP
 B = Vault XP
 C = Vault XP percentage of total XP
 D = Non-vault monster count
 E = Vault monster count
 F = Vault count percentage of total count
                 A         B        C        D         E       F
            +---------+---------+-------+---------+---------+-------
      Total |      28 |       0 |   0.0 |      15 |       0 |   0.0
            +---------+---------+-------+---------+---------+-------
        D:1 |      28 |       0 |   0.0 |      15 |       0 |   0.0
            +---------+---------+-------+---------+---------+-------
